 Dungeon Crawl Stone Soup version 0.32-a0-473-gd044c6f0f0 (webtiles) character file.

Game seed: 16637191805894244702

44 Asceticacid the Changeling (level 3, -2/23 HPs)
             Began as an Octopode Shapeshifter on Feb 26, 2024.
             Slain by a gnoll
             ... wielding a +0 halberd
              (6 damage)
             ... on level 3 of the Dungeon.
             The game lasted 00:04:05 (1352 turns).

Asceticacid the Changeling (Octopode Shapeshifter)  Turns: 1352, Time: 00:04:06

Health: -2/23      AC:  1    Str: 13    XL:     3   Next: 62%
Magic:  3/3        EV: 13    Int: 12    God:
Gold:   330        SH:  0    Dex: 13    Spells: 2/2 levels left

rFire   . . .        h - +1 dagger (elec)
rCold   . . .        (no shield)
rNeg    . . .        (helmet currently unavailable)
rPois   .            (no amulet)
rElec   .            (no ring)
rCorr   .            (no ring)
SInv    .            (no ring)
Will    .....        (no ring)
Stlth   +++          (no ring)
HPRegen 0.23/turn    (no ring)
MPRegen 0.08/turn    (no ring)
                     (no ring)

%: no passive effects
@: beast-form
A: beast (slay +2), almost no armour, amphibious, 8 rings, camouflage 1,
gelatinous body 1, (nimble swimmer 1), tentacles
a: Begin Untransformation


You were on level 3 of the Dungeon.
You were a hulking beast.
You visited 1 branch of the dungeon, and saw 3 of its levels.

You collected 330 gold pieces.

Inventory:

Hand Weapons
 h - a +1 dagger of electrocution (weapon)
Armour
 g - a +1 hat
Talismans
 b - a beast talisman (active)
 c - a flux talisman
Scrolls
 d - 2 scrolls of identify {unknown}
 f - 2 scrolls of teleportation
Potions
 a - a potion of lignification
 e - 2 potions of heal wounds {unknown}
 i - a potion of attraction {unknown}
 j - a potion of curing {unknown}
 l - a potion of haste {unknown}


   Skills:
 - Level 1.0 Fighting
 - Level 2.1 Dodging
 - Level 1.1 Stealth
 - Level 3.4 Unarmed Combat
 + Level 3.8 Shapeshifting


You had 2 spell levels left.
You didn't know any spells.
Your spell library was empty.

Dungeon Overview and Level Annotations

Branches:
Dungeon (3/15)

Altars:
Yredelemnul


Innate Abilities, Weirdness & Mutations

You are a hulking beast.
Your limbs bulge with bestial killing power. (Slay +2)
You cannot wear most types of armour.
You are amphibious.
You can wear up to eight rings at the same time.
Your skin changes colour to match your surroundings (Stealth+).
Your rubbery body absorbs attacks. (AC +1, EV +1)
((You are camouflaged when in or above water. (Stealth+)))
You have tentacles for arms and can constrict up to eight enemies at once.


Message History

The web tears apart.
You hit the ribbon worm. You grab the ribbon worm.
The ribbon worm is lightly wounded.
You constrict the ribbon worm.
The ribbon worm expels a string of sticky webbing.
The stream of webbing hits you but does no damage.
You are caught in a web!
The web tears apart.
You constrict the ribbon worm. The ribbon worm bites you.
You puncture the ribbon worm!
The ribbon worm is severely wounded.
You constrict the ribbon worm. You hit the ribbon worm.
You squeeze the ribbon worm.
You kill the ribbon worm!
Found a basalt altar of Yredelemnul.
d - 2 scrolls labelled DOUMIZAZXE (gained 1)
Found a ring mail.
Found a stone staircase leading down.
There is a stone staircase leading down here. 3 gnolls come into view.
The gnoll shouts! x2; You hear a shout!
There are monsters nearby!
You aren't carrying any pieces of jewellery.
You closely miss the gnoll. You grab the gnoll. You squeeze the gnoll.
The gnoll is moderately wounded.
You constrict the gnoll. The gnoll closely misses you.
You hit the gnoll.
The gnoll is severely wounded.
You constrict the gnoll. The gnoll hits you with a +0 flail.
The gnoll misses you.
You release your grip on the gnoll.
The gnoll barely misses you. The gnoll attacks as it pursues you!
The gnoll hits you with a +0 flail. The gnoll attacks as it pursues you!
The gnoll hits you from afar with a +0 halberd!
Ouch! That really hurt!
* * * LOW HITPOINT WARNING * * *
You hit the gnoll. You grab the gnoll.
The gnoll is lightly wounded.
You constrict the gnoll. The gnoll misses you.
The gnoll hits you from afar with a +0 halberd.
You die...

.# .### .#..
.#.###
.#.#.#############
.#.#............g#
.g.....#########g#
.....#.# #..<#g#
§.####.# #.#.#h#
≈...[..# #.#.#.#
≈.###### ###.###.#
≈.# #.......# ≈.#
#.#.##### §.#
#.#.# # ... .#..
#.###


You could see 3 gnolls.

Vanquished Creatures
  2 dart slugs (D:1)
  2 ribbon worms
  5 bats
  4 endoplasms
  A giant cockroach (D:2)
  2 goblins
  4 hobgoblins
  3 jackals (D:1)
  A kobold (D:1)
  A quokka (D:1)
  3 ball pythons
  2 frilled lizards
  2 rats (D:1)
32 creatures vanquished.

Notes
Turn   | Place    | Note
-------+----------+-------------------------------------------
     0 | D:1      | Asceticacid the Octopode Shapeshifter began the quest for
                  | the Orb.
     0 | D:1      | Reached XP level 1. HP: 13/13 MP: 1/1
    84 | D:1      | Reached XP level 2. HP: 18/18 MP: 2/2
   294 | D:1      | Reached XP level 3. HP: 13/23 MP: 3/3
   592 | D:1      | Reached skill level 1 in Stealth
   704 | D:1      | Identified a scroll of acquirement
   704 | D:1      | Acquired 242 gold pieces
   798 | D:2      | Identified the +9 morningstar of Eheylug {heavy, rN++}
  1287 | D:3      | Found a basalt altar of Yredelemnul.
  1352 | D:3      | Slain by a gnoll

Illustrated notes

Levels and vault maps discovered:
D:1:      nicolae_arrival_escape_room, layout_loops_ring
D:2:      layout_basic
D:3:      layout_basic, mainiacjoe_overflow_catwalk,
          lemuel_coloured_pillars_altar, minmay_misc_feat_encased, uniq_grinder

Skill      XL: |  1  2  3 |
---------------+----------+-----
Stealth        | 1 |  1.1
Fighting       | |  1.0
Dodging        | |  2.1
Unarmed Combat | |  3.4
Shapeshifting  | |  3.8

Action                     || total
---------------------------++-------
  Melee: Unarmed           ||    44
         Constrict         ||    21
         Tentacles         ||    10
         Dagger            ||    18
    Use: Scroll            ||     7
   Stab: Sleeping          ||     5
 Armour: Skin              ||    28
  Dodge: Dodged            ||    36

Table legend: (Time is in decaauts)
 A = Elapsed time spent in this place.
 B = Non-inter-level travel time spent in this place.
 C = Inter-level travel time spent in this place.
 D = Time resting spent in this place.
 E = Time spent auto-exploring this place.
 F = Levels seen in this place.
 G = Mean time per level.
                   A        B        C        D        E       F      G
               +--------+--------+--------+--------+--------+-----+--------+
         Total |   1347 |   1286 |     61 |      0 |    919 |   3 |  449.0 |
       Dungeon |   1347 |   1286 |     61 |      0 |    919 |   3 |  449.0 |
               +--------+--------+--------+--------+--------+-----+--------+

Top non-repeatable levels by time:
     D:1: 791 daAuts
     D:2: 461 daAuts
     D:3: 93 daAuts
